 Dungeon Crawl Stone Soup version 0.30-a0-782-ge64f9170bb (webtiles) character file.

Game seed: 3738309361089587714

4276 svjljgwke the Protected (level 10, -5/90 HPs)
             Began as a Minotaur Fighter on Feb 19, 2023.
             Was an Elder of Okawaru.
             Slain by a skeletal warrior
             ... wielding a +0 scimitar
              (26 damage)
             ... on level 9 of the Dungeon.
             The game lasted 00:12:04 (5838 turns).

svjljgwke the Protected (Minotaur Fighter)          Turns: 5838, Time: 00:12:04

Health: -5/90      AC: 13    Str: 25    XL:     10   Next: 10%
Magic:  9/9        EV: 12    Int:  5    God:    Okawaru [****..]
Gold:   643        SH:  6    Dex: 10    Spells: 9/9 levels left

rFire   . . .      SeeInvis .    a - +2 war axe (spect)
rCold   . . .      Faith    .    c - +0 buckler
rNeg    . . .      Spirit   .    b - +0 scale mail
rPois   .          Reflect  .    (helmet restricted)
rElec   .          Harm     .    f - scarf {repulsion}
rCorr   .          Rampage  .    l - +2 pair of gloves
Will    .....                    o - +0 pair of boots Stlth
                                 h - amulet of the acrobat
HPRegen 0.35/turn                (no ring)
MPRegen 0.11/turn                (no ring)

@: mighty, repel missiles
A: horns 2, retaliatory headbutt
a: Renounce Religion, Heroism, Finesse


You were on level 9 of the Dungeon.
You worshipped Okawaru.
Okawaru was greatly pleased with you.
You visited 2 branches of the dungeon, and saw 10 of its levels.
You also visited: Ossuary.

You collected 643 gold pieces.

Inventory:

Hand Weapons
 a - a +2 spectral war axe (weapon)
Missiles
 k - a throwing net (quivered)
Armour
 b - a +0 scale mail (worn)
 c - a +0 buckler (worn)
 e - a +0 chain mail
 f - a scarf of repulsion (worn)
 l - a +2 pair of gloves (worn)
 o - a +0 pair of boots (worn)
 s - a +2 plate armour of positive energy
Jewellery
 h - an amulet of the acrobat (around neck)
Wands
 v - a wand of quicksilver (3)
Scrolls
 p - 2 scrolls of blinking
 t - a scroll of immolation
 x - a scroll of fear {unknown}
 y - a scroll of poison {unknown}
 z - a scroll of noise {unknown}
Potions
 d - 3 potions of might
 g - 3 potions of heal wounds
 i - a potion of experience
 j - 2 potions of curing
 m - 2 potions of lignification
 n - 2 potions of resistance {unknown}
 q - 2 potions of brilliance
 r - a potion of attraction {unknown}
 u - a potion of invisibility {unknown}
 w - 3 potions of haste {unknown}


   Skills:
 + Level 8.7 Fighting
 + Level 8.3 Axes
 + Level 8.7 Armour
 + Level 7.1 Dodging
 + Level 8.7 Shields


You had 9 spell levels left.
You didn't know any spells.
Your spell library contained the following spells:

 Spells                   Type           Power      Damage    Failure   Level
 Apportation              Tloc           0%         N/A       80%         1
 Necrotise                Necr           0%         1d4       80%         1
 Cigotuvi's Dreadful Rot  Necr/Pois/Air  0%         N/A       91%         2
 Ensorcelled Hibernation  Hex/Ice        0%         N/A       91%         2
 Passwall                 Tmut/Erth      0%         N/A       91%         2
 Poisonous Vapours        Pois/Air       0%         N/A       91%         2
 Ignite Poison            Fire/Tmut/Pois 0%         N/A       99%         3
 Kindle Blastsparks       Fire/Tloc/Air  0%         2d10      99%         3
 Mephitic Cloud           Conj/Pois/Air  0%         N/A       99%         3
 Swiftness                Air            0%         N/A       99%         3
 Vampiric Draining        Necr           0%         2d6       99%         3
 Agony                    Necr           0%         N/A       100%        5
 Alistair's Intoxication  Tmut/Pois      0%         N/A       100%        5
 Borgnjor's Vile Clutch   Necr/Erth      0%         N/A       100%        5
 Freezing Cloud           Conj/Ice/Air   0%         6-21      100%        5
 Eringya's Noxious Bog    Tmut/Pois      0%         N/A       100%        6
 Summon Small Mammal      Summ           Unusable   N/A       N/A         1

Dungeon Overview and Level Annotations

Branches:
Dungeon (10/15)            Temple (1/1) D:4             Orc (0/2) D:10
Ossuary (visited)
   Lair: D:8-11

Altars:
Ashenzari
Cheibriados
Elyvilon
Fedhas
Gozag
Hepliaklqana
Makhleb
Nemelex Xobeh
Okawaru
Qazlal
Ru
Sif Muna
Trog
Vehumet
Wu Jian
Xom
Yredelemnul
Zin

Shops:
D:2 [

Annotations:
D:6 1 runed translucent door, kuniqs's ghost, novice MfGl


Innate Abilities, Weirdness & Mutations

You have a pair of horns on your head.
You reflexively headbutt those who attack you in melee.


Message History

You slash the skeletal warrior!
The skeletal warrior is almost destroyed.
You hit the skeletal warrior.
Your +2 spectral war axe hits the skeletal warrior.
The skeletal warrior completely misses you.
You furiously retaliate!
You headbutt the skeletal warrior!
The skeletal warrior hits you with a +0 flail!
The skeletal warrior closely misses you.
The skeletal warrior hits you with a +0 flail!
* * * LOW HITPOINT WARNING * * *
Unknown command.
You are too injured to fight recklessly!
Unknown command.
You are too injured to fight recklessly!
Unknown command.
You are too injured to fight recklessly!
You are too injured to fight recklessly!
Unknown command.
You are too injured to fight recklessly!
Unknown command.
You are too injured to fight recklessly!
Unknown command.
Unknown command.
You slash the skeletal warrior! You headbutt the skeletal warrior.
The skeletal warrior is severely damaged.
You completely miss the skeletal warrior.
Your +2 spectral war axe hits the skeletal warrior.
Your +2 spectral war axe hits the skeletal warrior but does no damage.
You slice the skeletal warrior!!
You destroy the skeletal warrior!
Okawaru is honoured by your kill.
You slash the skeletal warrior!
Your +2 spectral war axe hits the skeletal warrior.
The skeletal warrior hits you with a +0 scimitar!
* * * LOW HITPOINT WARNING * * *
Your Dodging skill increases to level 7!
You have reached level 10!
You feel much better.
The skeletal warrior hits you with a +0 scimitar!!
You die...

### # #..### .#
##...>##.# #.
#......#)##...
##...>.........
#..............
#.....§@....###
#.....z)§....#
##.......^...#
##.....§...##
##........#
##......##
.......#
.........


You could see a skeletal warrior.

Vanquished Creatures
  2 skeletal warriors (D:9)
  The ghost of Zigma the Caller, a novice OpSu (D:5)
  A steam dragon (D:7)
  Menkaure (D:5)
  A water moccasin (D:7)
  4 ice beasts (D:6)
  A black bear (D:6)
  2 ogres
  A phantom (D:5)
  Blork the orc (D:5)
  3 elf zombies (Ossuary)
  3 bullfrogs
  2 gnoll sergeants (D:5)
  2 scorpions
  5 killer bees (D:10)
  2 hounds (D:4)
  3 human zombies (Ossuary)
  3 quasits (D:4)
  An orc priest (D:10)
  A gnoll bouda (D:5)
  2 centaur zombies (Ossuary)
  3 iguanas
  3 orc wizards
  4 mummies
  5 adders
  10 gnolls (D:5)
  5 shadow imps (D:4)
  5 white imps
  5 ufetubi (D:4)
  3 adder zombies (Ossuary)
  5 worms
  A dart slug (D:5)
  11 orcs
  10 ball pythons
  9 bats
  2 endoplasms
  3 giant cockroaches
  11 goblins
  11 hobgoblins
  A jackal (D:2)
  2 quokkas
  2 frilled lizards
  A gnoll zombie (Ossuary)
  2 goblin zombies (Ossuary)
  6 hobgoblin zombies
  9 kobolds
  5 kobold zombies (Ossuary)
  3 orc zombies
  3 quokka zombies (Ossuary)
  A rat (D:3)
  4 rat zombies (Ossuary)
187 creatures vanquished.

Vanquished Creatures (others)
  2 demonic plants (D:4)
  A fungus (D:2)
3 creatures vanquished.

Grand Total: 190 creatures vanquished

Notes
Turn   | Place    | Note
-------+----------+-------------------------------------------
     0 | D:1      | svjljgwke the Minotaur Fighter began the quest for the Orb.
     0 | D:1      | Reached XP level 1. HP: 19/19 MP: 0/0
   143 | D:1      | Reached XP level 2. HP: 23/27 MP: 1/1
   761 | D:2      | Found Ixkeuf's Armour Boutique.
  1005 | D:2      | Reached skill level 1 in Dodging
  1025 | D:2      | Found a faded altar of an unknown god.
  1228 | D:2      | Reached XP level 3. HP: 33/33 MP: 2/2
  1440 | D:3      | Found a white marble altar of Elyvilon.
  1468 | D:3      | Reached XP level 4. HP: 40/40 MP: 3/3
  1857 | D:3      | Found a sacrificial altar of Ru.
  1995 | D:4      | Found a blossoming altar of Fedhas.
  2007 | D:4      | Noticed a bullfrog
  2013 | D:4      | Killed a bullfrog
  2014 | D:4      | Reached XP level 5. HP: 47/47 MP: 4/4
  2149 | D:4      | Reached XP level 6. HP: 50/55 MP: 5/5
  2194 | D:4      | Reached skill level 5 in Fighting
  2195 | D:4      | Reached skill level 5 in Armour
  2195 | D:4      | Reached skill level 5 in Shields
  2257 | D:4      | Found a staircase to the Ecumenical Temple.
  2265 | Temple   | Entered the Ecumenical Temple
  2280 | Temple   | Became a worshipper of Warmaster Okawaru
  2329 | D:4      | Found an ornate altar of the Wu Jian Council.
  2528 | D:4      | Found a bloodstained altar of Trog.
  2613 | D:4      | Reached XP level 7. HP: 32/61 MP: 6/6
  2870 | D:5      | Entered Level 5 of the Dungeon
  3021 | D:5      | Reached * piety under Okawaru
  3126 | D:5      | Reached skill level 5 in Axes
  3153 | D:5      | Noticed Blork the orc
  3159 | D:5      | Killed Blork the orc
  3180 | D:5      | Found a broken altar of Ashenzari.
  3368 | D:5      | Found a large runed translucent door.
  3372 | D:5      | Found a large runed translucent door.
  3392 | D:5      | Noticed Zigma's ghost (novice OpSu)
  3425 | D:5      | Reached XP level 8. HP: 62/70 MP: 7/7
  3515 | D:5      | Noticed Menkaure
  3519 | D:5      | Killed Menkaure
  3668 | D:5      | Killed Zigma's ghost
  3668 | D:5      | Reached ** piety under Okawaru
  3669 | D:5      | Reached skill level 5 in Dodging
  4365 | D:6      | Found a runed translucent door.
  4378 | D:6      | Reached XP level 9. HP: 66/79 MP: 8/8
  4557 | D:6      | Found a shimmering altar of Xom.
  4557 | D:6      | Noticed kuniqs's ghost (novice MfGl)
  4557 | D:6      | Noticed a +2 short sword of chaos
  5036 | D:7      | Reached *** piety under Okawaru
  5072 | D:7      | Found a sand-covered staircase.
  5079 | Ossuary  | Entered an ossuary
  5669 | D:7      | You fall into a shaft and drop 3 floors!
  5669 | D:10     | Entered Level 10 of the Dungeon
  5734 | D:10     | Found a staircase to the Orcish Mines.
  5824 | D:9      | Noticed a skeletal warrior
  5825 | D:9      | Noticed a skeletal warrior
  5828 | D:9      | Noticed a skeletal warrior
  5833 | D:9      | Killed a skeletal warrior
  5833 | D:9      | Reached **** piety under Okawaru
  5837 | D:9      | Killed a skeletal warrior
  5837 | D:9      | HP: 1/82 [skeletal warrior/+0 scimitar (13)]
  5838 | D:9      | Reached XP level 10. HP: 1/90 MP: 9/9
  5838 | D:9      | Slain by a skeletal warrior

Illustrated notes

Levels and vault maps discovered:
D:1:      tarquinn_simple_flora_water_b, layout_basic,
          chequers_serial_rivers_micro_e, serial_bayou_ford_a
D:2:      minmay_chambers_of_twos, layout_rooms, serial_shops, shop,
          dreamdust_ecumenical_altar_grove
D:3:      layout_rooms, marbit_many_paths, mainiacjoe_overflow_boulevard,
          minmay_misc_feat_room, grunt_ministairs_15,
          chequers_serial_rivers_small_3
D:4:      layout_loops_ring, nicolae_wu_jian_wuxing_cycle, trog_hazing_becter,
          amcnicky_altar_gilded, minmay_temple_entry_waves, serial_demonic,
          serial_demonic_e, serial_demonic_c, serial_demonic_e,
          serial_demonic_g, serial_demonic_d, serial_demonic_d, serial_demonic_c
D:5:      layout_loops_cross, mainiacjoe_overflow_six_doors_small,
          ebering_ghost_disaster_area, uniq_menkaure, uniq_blork_the_orc
D:6:      layout_basic, ebering_ghost_xom
D:7:      layout_basic, general_overflow_altar, nicolae_ossuary_entry_giza
D:9:      layout_cave_pods, fungi_pond_lemuel, serial_park_tiny_2
D:10:     layout_rooms, lemuel_tele_altar, old_standard_altar,
          kennysheep_small_square
Temple:   hellmonk_temple_two_chambers

Skill      XL: |  1  2  3  4  5  6  7  8  9 |
---------------+----------------------------+-----
Dodging        | 1 2 3 4 5 7 |  7.1
Shields        | 4 5 6 7 8 |  8.7
Armour         | 4 5 6 7 8 |  8.7
Fighting       | 4 5 6 7 8 |  8.7
Axes           | 3 4 5 6 8 |  8.3

Action                     |  1- 3 |  4- 6 |  7- 9 | 10-12 || total
---------------------------+-------+-------+-------+-------++-------
  Melee: War axe           |    76 |    80 |   189 |       ||   345
         Headbutt          |    13 |     8 |    42 |       ||    63
    Use: Scroll            |     4 |     9 |     2 |       ||    15
         Potion            |       |       |     1 |     1 ||     2
 Armour: Scale mail        |    36 |    38 |    66 |       ||   140
  Dodge: Dodged            |    39 |    51 |    84 |       ||   174
         Repelled          |       |     2 |       |       ||     2
  Block: Buckler           |    18 |    27 |    36 |       ||    81

Table legend: (Time is in decaauts)
 A = Elapsed time spent in this place.
 B = Non-inter-level travel time spent in this place.
 C = Inter-level travel time spent in this place.
 D = Time resting spent in this place.
 E = Time spent auto-exploring this place.
 F = Levels seen in this place.
 G = Mean time per level.
                   A        B        C        D        E       F      G
               +--------+--------+--------+--------+--------+-----+--------+
         Total |   5947 |   5708 |    239 |     87 |   4411 |  11 |  540.6 |
       Dungeon |   5656 |   5421 |    235 |     87 |   4271 |   9 |  628.4 |
        Temple |     19 |     15 |      4 |      0 |      0 |   1 |   19.0 |
       Ossuary |    272 |    272 |      0 |      0 |    140 |   1 |  272.0 |
               +--------+--------+--------+--------+--------+-----+--------+

Top non-repeatable levels by time:
     D:6: 1048 daAuts
     D:5: 992 daAuts
     D:4: 873 daAuts
     D:1: 773 daAuts
     D:2: 707 daAuts
     D:3: 568 daAuts
     D:7: 521 daAuts
 Ossuary: 272 daAuts
    D:10: 155 daAuts
  Temple: 19 daAuts
     D:9: 15 daAuts
